 Dungeon Crawl Stone Soup version 0.13.0-18-g7b03ea5 (webtiles) character file.

4907 MDvedh the Grappler (level 10, -1/81 (89) HPs)
             Began as a Troll Monk on Oct 22, 2013.
             Was a Priest of Cheibriados.
             Slain by a troll (12 damage)
             ... on Level 9 of the Dungeon.
             The game lasted 00:19:42 (7517 turns).

MDvedh the Grappler (Troll Monk)                    Turns: 7517, Time: 00:19:42

HP  -1/81 (89)   AC  5     Str 32      XL: 10   Next: 19%
MP   3/3         EV 11     Int 14      God: Cheibriados [***...]
Gold 304         SH  0     Dex 19 (20) Spells:  0 memorised,  9 levels left

Res.Fire  : . . .   See Invis. : .     - Unarmed
Res.Cold  : + . .   Warding    : .   a - +0 robe (curse)
Life Prot.: . . .   Conserve   : .   (shield restricted)
Res.Poison: .       Res.Corr.  : .   (helmet restricted)
Res.Elec. : .       Clarity    : .   (no cloak)
Sust.Abil.: . .     Spirit.Shd : .   (gloves unavailable)
Res.Mut.  : .       Rnd.Telep. : +   (boots unavailable)
Res.Rott. : .       Flight     : .   (no amulet)
Gourmand  : +                        y - cursed ring of teleportation
                                     f - cursed ring of protection from cold

@: very slow, somewhat resistant to hostile enchantments, fairly stealthy
A: unfitting armour, claws 3, fast metabolism 3, gourmand, regeneration 2,
saprovore 2, tough skin 2, AC +1
a: Bend Time, Temporal Distortion, Renounce Religion, Evoke Teleportation


You were on level 9 of the Dungeon.
You worshipped Cheibriados.
Cheibriados was most pleased with you.
You were very full.

You visited 2 branches of the dungeon, and saw 10 of its levels.

You collected 304 gold pieces.

Inventory:

Armour
 a - a cursed +0 robe (worn)
 A - the +1 robe of the Shining One's Hope {Dex-2 Int+3, unknown}
   (You found it on level 6 of the Dungeon)

   It affects your intelligence (+3).
   It affects your dexterity (-2).
Magical devices
 v - a wand of fire (11) {unknown}
 E - a wand of teleportation (5) {unknown}
Comestibles
 b - 4 meat rations
 h - 2 chokos
 n - 4 bread rations
 z - 2 apples
 B - a beef jerky
 J - 8 slices of pizza
Scrolls
 g - 2 scrolls of enchant weapon I
 m - 3 scrolls of amnesia
 o - 2 scrolls of teleportation
 q - 2 scrolls of blinking
 s - a scroll of fog
 t - a scroll of fear
 C - 2 scrolls of recharging {unknown}
 F - 3 scrolls of identify
Jewellery
 f - a cursed ring of protection from cold (left claw)
 l - an uncursed amulet of stasis
 x - an uncursed ring of sustain abilities
 y - a cursed ring of teleportation (right claw)
 G - a +3 ring of evasion {unknown}
Potions
 c - a potion of flight {unknown}
 d - 4 potions of restore abilities
 e - a potion of magic {unknown}
 i - 3 potions of agility
 k - a potion of heal wounds {unknown}
 p - a potion of speed {unknown}
 r - a potion of might {unknown}
 u - a potion of brilliance {unknown}
 w - a potion of beneficial mutation {unknown}
 D - a potion of berserk rage {unknown}
 H - a potion of poison {unknown}
 I - a potion of invisibility {unknown}


   Skills:
 - Level 2.4 Fighting
 - Level 2.4 Dodging
 - Level 1.1 Stealth
 + Level 14.7 Unarmed Combat


You had 9 spell levels left.
You didn't know any spells.

Dungeon Overview and Level Annotations

Branches:
Dungeon (9/27)             Temple (1/1) D:7            Lair (0/8) D:8
    Orc: D:6-11

Altars:
Ashenzari
Cheibriados
Elyvilon
Fedhas
Kikubaaqudgha
Makhleb
Nemelex Xobeh
Okawaru
Sif Muna
Trog
Vehumet
Xom
Yredelemnul
Zin
the Shining One
Beogh

Portals:
Ziggurat: D:6 (3450 gp)


Innate Abilities, Weirdness & Mutations

You are too large for most types of armour.
You have claws for hands.
Your metabolism is lightning-fast.
You like to eat raw meat.
You heal very quickly.
You can eat rotten meat.
You are covered in fur (AC +1).
You have very tough skin (AC +2).


Message History

The troll is almost dead.
You barely miss the troll. Your punch misses the troll.
The troll is almost dead.
The troll closely misses you. The troll barely misses you. The troll claws you!
* * * LOW HITPOINT WARNING * * *
You barely miss the troll.
The troll is almost dead.
The troll closely misses you. The troll barely misses you.
The troll misses you.
You barely miss the troll.
The troll is almost dead.
You barely miss the troll.
The troll is almost dead.
The troll closely misses you. The troll claws you!
* * * LOW HITPOINT WARNING * * *
The troll barely misses you.
You closely miss the troll.
The troll is almost dead.
The troll closely misses you. The troll claws you!
You die...

#.........
....
#..........
....
#...........
.....
#...........
####
#...........
#............
#............
#..T########.
#..@# #...#
#...# #####
#...# .....
#...# .....
#...# ####
#....(t...8.
#..........
#.....8....


You could see a troll (bleeding).

Vanquished Creatures
  The ghost of kerensky the Nimble, an experienced SpCK of Xom (D:6)
  A spriggan (D:8)
  A wyvern (D:8)
  Eustachio (D:4)
  4 necrophages (D:8)
  9 ogres
  A yellow wasp (D:9)
  4 orc warriors
  2 ice beasts
  A phantom (D:6)
  3 centaurs
  2 rotting devils (D:8)
  2 giant frogs
  4 killer bees (D:9)
  3 crimson imps
  A centaur zombie (D:7)
  5 hounds
  2 quasits
  7 worker ants
  A gnoll shaman (D:4)
  3 orc priests
  An iron imp (D:4)
  2 scorpions
  6 orc wizards
  A sky beast zombie (D:5)
  A hound skeleton (D:6)
  12 adders
  7 gnolls (D:4)
  A green rat (D:4)
  2 giant mites
  A white imp (D:4)
  3 worms
  A grey rat (D:4)
  2 giant eyeballs
  A giant gecko (D:3)
  3 oozes
  46 orcs
  11 bats
  6 giant cockroaches
  13 hobgoblins
  5 jackals
  10 kobolds
  2 quokkas
  2 ball pythons
  2 giant newts (D:1)
  A giant newt zombie (D:5)
  17 goblins
  A jackal skeleton (D:5)
  A kobold skeleton (D:6)
  A kobold zombie (D:6)
  5 rats
  A rat zombie (D:8)
  4 ballistomycetes (D:9)
230 creatures vanquished.

Vanquished Creatures (others)
  A giant cockroach (D:2)
  A giant spore (D:9)
2 creatures vanquished.

Grand Total: 232 creatures vanquished

Notes
Turn   | Place    | Note
--------------------------------------------------------------
     0 | D:1      | MDvedh, the Troll Monk, began the quest for the Orb.
     0 | D:1      | Reached XP level 1. HP: 20/20 MP: 0/0
   354 | D:1      | Reached XP level 2. HP: 28/28 MP: 0/0
  1041 | D:2      | Reached skill level 5 in Unarmed Combat
  1041 | D:2      | Reached XP level 3. HP: 33/35 MP: 1/1
  1055 | D:2      | Found a white marble altar of Elyvilon.
  1616 | D:3      | Reached XP level 4. HP: 37/44 MP: 1/1
  1807 | D:3      | Found a deep blue altar of Sif Muna.
  2005 | D:3      | Reached skill level 6 in Unarmed Combat
  2220 | D:3      | Reached XP level 5. HP: 28/50 MP: 1/1
  2277 | D:3      | Found a shattered altar of Ashenzari.
  2282 | D:3      | Saw a vision of the Swamp and the Spider Nest.
  2282 | D:3      | Noticed an alligator
  2282 | D:3      | Noticed a swamp drake
  2282 | D:3      | Noticed a swamp drake
  2282 | D:3      | Noticed a giant frog
  2286 | D:3      | Noticed a yellow wasp
  2350 | D:3      | Noticed a trapdoor spider
  2351 | D:3      | Noticed a trapdoor spider
  2351 | D:3      | Noticed a trapdoor spider
  2682 | D:4      | Noticed an ogre
  2685 | D:4      | Noticed Eustachio
  2687 | D:4      | Killed an ogre
  2687 | D:4      | Reached skill level 7 in Unarmed Combat
  2687 | D:4      | Reached XP level 6. HP: 45/58 MP: 2/2
  2697 | D:4      | Killed Eustachio
  2697 | D:4      | Reached skill level 8 in Unarmed Combat
  2946 | D:4      | Reached XP level 7. HP: 66/66 MP: 2/2
  2973 | D:4      | Found a glowing silver altar of Zin.
  3117 | D:4      | Noticed an ogre
  3126 | D:4      | Reached skill level 9 in Unarmed Combat
  3132 | D:4      | Killed an ogre
  3448 | D:5      | Entered Level 5 of the Dungeon
  4535 | D:5      | Reached skill level 10 in Unarmed Combat
  4559 | D:5      | Reached XP level 8. HP: 17/74 MP: 2/2
  4925 | D:5      | Found a roughly hewn altar of Beogh.
  5038 | D:6      | Reached skill level 11 in Unarmed Combat
  5065 | D:6      | Noticed an angel
  5066 | D:6      | Found a gateway to a ziggurat.
  5067 | D:6      | Noticed an angel
  5231 | D:6      | Noticed kerensky's ghost (experienced SpCK)
  5241 | D:6      | Killed kerensky's ghost
  5241 | D:6      | Reached skill level 12 in Unarmed Combat
  5241 | D:6      | Reached XP level 9. HP: 65/80 MP: 3/3
  5588 | D:6      | Got a silk robe
  5808 | D:7      | Found a staircase to the Ecumenical Temple.
  5829 | Temple   | Entered the Ecumenical Temple
  5925 | Temple   | Became a worshipper of Cheibriados the Contemplative
  5925 | Temple   | Acquired Cheibriados' first power
  5994 | D:7      | Reached skill level 13 in Unarmed Combat
  6666 | D:8      | Acquired Cheibriados' second power
  6674 | D:8      | Reached skill level 14 in Unarmed Combat
  6834 | D:8      | Found a staircase to the Lair.
  7087 | D:8      | Reached XP level 10. HP: 69/81 MP: 3/3
  7326 | D:9      | Paralysed by a yellow wasp for 2 turns
  7389 | D:9      | Paralysed by a giant eyeball for 3 turns
  7395 | D:9      | Paralysed by a giant eyeball for 4 turns
  7456 | D:9      | HP: 3/81 [killer bee (9)]
  7464 | D:9      | HP: 3/81 [killer bee (10)]
  7517 | D:9      | Slain by a troll

Action                   |  1- 3 |  4- 6 |  7- 9 | 10-12 || total
-------------------------+-------+-------+-------+-------++-------
Melee: Unarmed           |    85 |   136 |   335 |    61 ||   617
  Use: Scroll            |       |    10 |     9 |       ||    19
       Potion            |       |     1 |       |     7 ||     8
 Stab: Sleeping          |     1 |     1 |     5 |       ||     7
